 Dungeon Crawl Stone Soup version 0.19.5 (webtiles) character file.

10754 McKennaii the Carver (level 11, -14/96 (97) HPs)
             Began as a Mottled Draconian Berserker on Apr 29, 2017.
             Was a High Priest of Trog.
             Demolished by a white ugly thing (30 damage)
             ... on level 12 of the Dungeon.
             The game lasted 00:23:06 (10340 turns).

McKennaii the Carver (Mottled Draconian Berserker) Turns: 10340, Time: 00:23:06

HP:   -14/96 (97)   AC: 12    Str: 24    XL:     11   Next: 40%
MP:   11/11         EV: 17    Int:  7    God:    Trog [*****.]
Gold: 822           SH:  0    Dex: 15    Spells: 0 memorised, 10 levels left

rFire  . . .     SeeInvis .     M - +2 great sword (slice)
rCold  . . .     Gourm    .     (armour unavailable)
rNeg   . . .     Faith    +     (shield currently unavailable)
rPois  .         Spirit   .     (helmet restricted)
rElec  .         Reflect  .     S - +2 cloak {MR+}
rCorr  .         Harm     .     y - +0 pair of gloves
MR     ++...                    z - +0 pair of boots
Stlth  +++.......               Q - amulet of faith
                                C - ring of protection from magic
                                t - +5 ring of strength

@: slowed, very slow
A: breathe sticky flame splash, unfitting armour, cold-blooded, AC +7
a: Breathe Sticky Flame, Berserk, Trog's Hand, Brothers in Arms, Burn
Spellbooks, Renounce Religion


You were on level 12 of the Dungeon.
You worshipped Trog.
Trog was extremely pleased with you.
You were very hungry.

You visited 1 branch of the dungeon, and saw 12 of its levels.
You also visited: Ossuary.

You collected 1020 gold pieces.
You spent 198 gold pieces at shops.

Inventory:

Hand Weapons
 M - a +2 great sword of slicing (weapon)
Armour
 y - a +0 pair of gloves (worn)
 z - a +0 pair of boots (worn)
 S - a +2 cloak of magic resistance (worn)
Rods
 K - a +2 rod of clouds (12/12)
   (You took it off a crimson imp on level 7 of the Dungeon)
Jewellery
 t - a +5 ring of strength (left hand)
 C - a ring of protection from magic (right hand)
 Q - an amulet of faith (around neck)
Wands
 B - a wand of enslavement (10/24)
 L - a wand of enslavement (4/24)
 P - a wand of flame (17/48)
 R - a wand of disintegration (15/24)
Scrolls
 d - 4 scrolls of fear {unknown}
 g - 4 scrolls of remove curse
 h - 17 scrolls of identify
 i - 2 scrolls of magic mapping {unknown}
 j - 6 scrolls of enchant armour {unknown}
 m - a scroll of random uselessness {unknown}
 p - a scroll of immolation {unknown}
 v - 3 scrolls of teleportation {unknown}
 I - 2 scrolls of fog {unknown}
 N - a scroll of blinking {unknown}
Potions
 c - 6 potions of curing
 e - 4 potions of brilliance {unknown}
 f - 3 potions of degeneration {unknown}
 k - 2 potions of lignification {unknown}
 n - a potion of flight {unknown}
 o - 2 potions of berserk rage {unknown}
 u - 3 potions of agility {unknown}
 w - a potion of cure mutation {unknown}
 x - 6 potions of heal wounds {unknown}
 A - a potion of ambrosia {unknown}
 E - a potion of invisibility {unknown}
 F - a potion of might {unknown}
 G - 2 potions of magic {unknown}
Books
 D - a book of Callings

   Spells                             Type                      Level
   a - Summon Small Mammal            Summoning                    1
   b - Call Imp                       Summoning                    2
   c - Call Canine Familiar           Summoning                    3
   d - Summon Guardian Golem          Hexes/Summoning              3
   e - Summon Lightning Spire         Summoning/Air                4
   f - Summon Ice Beast               Ice/Summoning                4
   Trog disapproves of the use of such an item.
 H - a book of Battle

   Spells                             Type                      Level
   a - Infusion                       Charms                       1
   b - Shroud of Golubria             Charms/Translocation         2
   c - Song of Slaying                Charms                       2
   d - Spectral Weapon                Hexes/Charms                 3
   e - Regeneration                   Charms/Necromancy            3
   Trog disapproves of the use of such an item.
Comestibles
 b - 6 bread rations
 l - 2 slices of pizza
 r - 7 meat rations
 J - a beef jerky
 O - 3 fruits
 T - 10 royal jellies


   Skills:
 + Level 9.1 Fighting
 + Level 12.5 Long Blades
 + Level 7.5 Dodging
 + Level 5.7 Stealth
   Level 4.6 Shields


You had 10 spell levels left.
You didn't know any spells.

Dungeon Overview and Level Annotations

Branches:
Dungeon (12/15)            Temple (0/1) D:4            Lair (0/6) D:11
    Orc (0/2) D:10

Altars:
Fedhas
Gozag
Nemelex Xobeh
Qazlal
Sif Muna
Trog
Zin
Jiyva

Shops:
D:4 [=[}:


Innate Abilities, Weirdness & Mutations

You can spit globs of burning liquid.
You can ignite nearby creatures when you spit burning liquid.
Your weird mottled scales are hard. (AC +7)
You cannot fit into any form of body armour.
You are cold-blooded and may be slowed by cold attacks.


Message History

There is a stone staircase leading down here.
You climb downwards.
A hound and a zombie come into view.
There is a stone staircase leading up here.
The helpless bullfrog zombie fails to defend itself.
You slice the bullfrog zombie like a ripe choko!!!
You destroy the bullfrog zombie!
Trog accepts your kill.
A white ugly thing comes into view.
A white ugly thing is nearby!
The white ugly thing gurgles horribly!
The white ugly thing claws you! The white ugly thing freezes you!
The white ugly thing misses you.
You riposte.
You slash the white ugly thing! You tail-slap the white ugly thing.
The white ugly thing is moderately wounded.
There is a stone staircase leading up here.
The white ugly thing claws you!
* * * LOW HITPOINT WARNING * * *
The white ugly thing freezes you!!
You feel yourself slow down.
You die...

.### ....###
.......#####
#........#####
#...........######
#..h@u...........#
#.......##.........
#.......#####......
#......## ##....
#......# ##.
#......# ##.....#
####..# ####


You could see a white ugly thing and a hound.

Vanquished Creatures
  Urug (D:11)
  An unseen horror (D:11)
  2 hill giants
  A cyclops (D:11)
  An ugly thing (D:11)
  2 centaur zombies (D:11)
  Maurice (D:11)
  A kobold demonologist (D:11)
  The ghost of McKennaii the Slasher, an amateur DrBe of Trog (D:4)
  A slime creature (D:11)
  A hippogriff (D:11)
  Sigmund (D:3)
  A wraith (D:10)
  A wyvern (D:11)
  2 hungry ghosts
  2 water moccasins
  2 orc warriors
  3 black bears
  3 ice beasts
  3 sky beasts
  2 ogres
  5 necrophages
  3 centaurs
  An eye of draining (D:10)
  5 phantoms
  A crocodile (D:10)
  3 bullfrogs
  2 big kobolds (D:11)
  A wyvern zombie (D:11)
  A water moccasin skeleton (D:7)
  4 scorpions
  3 wights (D:9)
  2 troll zombies (D:10)
  A howler monkey (D:7)
  4 crimson imps
  2 bullfrog zombies
  8 jellies
  A gnoll shaman (D:6)
  A centaur skeleton (D:9)
  5 bullfrog skeletons
  5 hounds
  Crazy Yiuf (D:3)
  Jessica (D:2)
  2 iguanas
  5 orc wizards
  10 worker ants
  A killer bee zombie (D:5)
  4 ogre zombies (D:10)
  A big kobold zombie (Ossuary)
  9 mummies
  A worker ant zombie (D:10)
  11 gnolls
  7 adders
  2 shadow imps (D:6)
  6 oozes
  3 adder skeletons
  4 worms (D:2)
  4 dart slugs
  5 leopard geckos
  35 orcs
  5 giant cockroaches
  5 goblins
  9 hobgoblins
  13 jackals
  6 kobolds
  3 quokkas
  2 ball pythons
  11 bats
  7 frilled lizards
  2 gnoll zombies (Ossuary)
  A goblin skeleton (D:10)
  4 goblin zombies
  3 hobgoblin skeletons (D:10)
  4 hobgoblin zombies
  A kobold zombie (Ossuary)
  13 orc zombies
  8 rats
300 creatures vanquished.

Vanquished Creatures (others)
  7 bushes (D:11)
  12 plants (D:11)
19 creatures vanquished.

Grand Total: 319 creatures vanquished

Notes
Turn   | Place    | Note
-------+----------+-------------------------------------------
     0 | D:1      | McKennaii the Draconian Berserker began the quest for the Orb.
     0 | D:1      | Reached XP level 1. HP: 19/19 MP: 1/1
   150 | D:1      | Reached XP level 2. HP: 24/26 MP: 2/2
   593 | D:1      | Reached XP level 3. HP: 29/31 MP: 3/3
   612 | D:1      | Reached ** piety under Trog
  1319 | D:2      | Reached skill level 4 in Long Blades
  1646 | D:2      | Reached XP level 4. HP: 28/40 MP: 4/4
  1933 | D:2      | Noticed Jessica
  1937 | D:2      | Killed Jessica
  1951 | D:2      | Found an opulent altar of Gozag.
  2145 | D:2      | Reached skill level 1 in Stealth
  2201 | D:2      | Found a faded altar of an unknown god.
  2201 | D:2      | Found a glowing silver altar of Zin.
  2206 | D:2      | Found a faded altar of an unknown god.
  2208 | D:2      | Found a faded altar of an unknown god.
  2209 | D:2      | Found a faded altar of an unknown god.
  2272 | D:2      | Reached XP level 5. HP: 45/46 MP: 5/5
  2678 | D:3      | Noticed Sigmund
  2686 | D:3      | Killed Sigmund
  2686 | D:3      | Reached skill level 5 in Long Blades
  2686 | D:3      | Reached XP level 6. HP: 51/53 MP: 6/6
  2845 | D:3      | Noticed a sky beast
  2859 | D:3      | Killed a sky beast
  2999 | D:3      | Found a sparkling altar of Nemelex Xobeh.
  3000 | D:3      | Found a bloodstained altar of Trog.
  3135 | D:3      | Found a deep blue altar of Sif Muna.
  3260 | D:3      | Found a runed door.
  3462 | D:3      | Noticed Crazy Yiuf
  3468 | D:3      | Killed Crazy Yiuf
  3468 | D:3      | Reached skill level 6 in Long Blades
  3555 | D:4      | Found a stormy altar of Qazlal.
  3699 | D:4      | Noticed McKennaii's ghost (amateur DrBe)
  3715 | D:4      | Killed McKennaii's ghost
  3715 | D:4      | Reached *** piety under Trog
  3715 | D:4      | Reached skill level 5 in Fighting
  3715 | D:4      | Your scales start taking on a weird mottled colour.
  3715 | D:4      | Reached XP level 7. HP: 61/61 MP: 7/7
  3744 | D:4      | Found Dupia's Armour Emporium.
  3847 | D:4      | Found Pomalyrgh's Armour Shoppe.
  3850 | D:4      | Found Quodukul's Jewellery Boutique.
  3874 | D:4      | Found Jacan's Gadget Shoppe.
  3905 | D:4      | Found Puriuwi's Book Boutique.
  4457 | D:4      | Found a staircase to the Ecumenical Temple.
  4661 | D:4      | Bought a +2 buckler for 198 gold pieces
  4683 | D:5      | Entered Level 5 of the Dungeon
  4795 | D:5      | Reached skill level 7 in Long Blades
  4923 | D:5      | Reached XP level 8. HP: 55/69 MP: 8/8
  5423 | D:6      | Reached skill level 5 in Dodging
  5508 | D:6      | Reached skill level 1 in Shields
  5591 | D:6      | Reached skill level 8 in Long Blades
  5648 | D:6      | Found a sand-covered staircase.
  5663 | Ossuary  | Entered an ossuary
  5892 | D:6      | Reached **** piety under Trog
  6350 | D:7      | Reached XP level 9. HP: 62/75 MP: 9/9
  6734 | D:7      | Found a deep blue altar of Sif Muna.
  7130 | D:8      | Reached skill level 9 in Long Blades
  8411 | D:9      | Reached skill level 10 in Long Blades
  8495 | D:10     | Entered Level 10 of the Dungeon
  8537 | D:10     | Reached ***** piety under Trog
  8550 | D:10     | Found a staircase to the Orcish Mines.
  8611 | D:10     | Reached XP level 10. HP: 65/86 MP: 2/10
  9011 | D:10     | Received a gift from Trog
  9263 | D:10     | Noticed a hill giant
  9268 | D:10     | Killed a hill giant
  9368 | D:11     | Killed an unseen horror
  9368 | D:11     | Reached skill level 11 in Long Blades
  9368 | D:11     | Reached skill level 5 in Stealth
  9380 | D:11     | Noticed Urug
  9392 | D:11     | Killed Urug
  9485 | D:11     | Found a staircase to the Lair.
  9485 | D:11     | Noticed Maurice
  9499 | D:11     | Killed Maurice
  9565 | D:11     | Noticed a hill giant
  9592 | D:11     | Killed a hill giant
  9592 | D:11     | Reached XP level 11. HP: 91/95 MP: 11/11
  9766 | D:11     | Reached skill level 12 in Long Blades
  9792 | D:11     | Noticed a brown ugly thing
  9968 | D:11     | Killed a brown ugly thing
 10078 | D:11     | Found a viscous altar of Jiyva.
 10197 | D:11     | Found a blossoming altar of Fedhas.
 10329 | D:12     | Noticed a white ugly thing
 10340 | D:12     | Demolished by a white ugly thing

Skill      XL: |  1  2  3  4  5  6  7  8  9 10 11 |
---------------+----------------------------------+-----
Dodging        | 3 4 5 6 7 |  7.5
Long Blades    | 4 5 6 7 8 10 11 12 | 12.5
Fighting       | 4 5 6 7 8 9 |  9.1
Stealth        | 1 2 3 4 5 |  5.7
Shields        | 2 4 |  4.6

Action                   |  1- 3 |  4- 6 |  7- 9 | 10-12 || total
-------------------------+-------+-------+-------+-------++-------
Melee: Falchion          |   126 |   146 |   690 |   113 ||  1075
       Tailslap          |    14 |    34 |   139 |    73 ||   260
       Great sword       |       |       |       |   147 ||   147
Invok: Berserk           |       |     4 |     2 |     5 ||    11
  Use: Scroll            |       |     4 |     1 |       ||     5
 Stab: Sleeping          |     3 |     3 |    11 |    11 ||    28
       Distracted        |       |       |     2 |       ||     2
  Eat: Chunk             |     2 |    10 |    18 |     6 ||    36
       Beef jerky        |       |       |     1 |       ||     1
       Fruit             |       |       |       |     3 ||     3
       Royal jelly       |       |       |       |     2 ||     2
Armor: Skin              |    31 |    43 |   164 |    67 ||   305
Dodge: Dodged            |    95 |    91 |   316 |   197 ||   699
Block: Buckler           |       |       |   162 |    27 ||   189
       Rpst.: Falchion   |    28 |    35 |   102 |    23 ||   188
       Great sword       |       |       |       |    29 ||    29
